 Dungeon Crawl Stone Soup version 0.31-a0-691-g409c26aa35 (webtiles) character file.

Game seed: 13336471054106264068

10661 qw the Skirmisher (level 11, -8/71 HPs)
             Began as a Gargoyle Hunter on Sept 6, 2023.
             Was an Elder of Okawaru.
             Mangled by a death yak (20 damage)
             ... on level 2 of the Lair of Beasts.
             The game lasted 00:05:02 (9839 turns).

qw the Skirmisher (Gargoyle Hunter)                 Turns: 9839, Time: 00:05:02

Health: -8/71      AC: 16    Str: 15    XL:     11   Next: 65%
Magic:  15/15      EV: 17    Int: 10    God:    Okawaru [****..]
Gold:   493        SH:  0    Dex: 17    Spells: 10/10 levels left

rFire   + . .        Y - +6 orcbow
rCold   + + +        (shield currently unavailable)
rNeg    + . .        s - +1 leather armour "Ilekux" {Drain rC++ SInv}
rPois   inf          i - +0 hat {rF+}
rElec   +            a - +0 cloak
rCorr   .            (no gloves)
SInv    +            l - +2 pair of boots
Will    +....        (no amulet)
Stlth   +++          t - ring of willpower
HPRegen 0.31/turn    h - ring of protection from cold
MPRegen 0.14/turn

%: no passive effects
@: about to teleport, heroic
A: sickness immunity, AC +8, negative energy resistance 1, electricity
resistance, torment resistance 1, petrification resistance, deformed body
a: Renounce Religion, Heroism, Finesse


You were on level 2 of the Lair of Beasts.
You worshipped Okawaru.
Okawaru was greatly pleased with you.
You visited 3 branches of the dungeon, and saw 13 of its levels.

You collected 647 gold pieces.
You spent 154 gold pieces at shops.


Innate Abilities, Weirdness & Mutations

You are immune to sickness and miasma.
Your stone body is resilient. (AC +8)
You are immune to poison.
You resist negative energy. (rN+)
You are resistant to electric shocks. (rElec)
You are resistant to unholy torment.
You are immune to petrification.
Armour fits poorly on your strangely shaped body.


   Skills:
 + Level 9.3(14.3) Fighting
 - Level 14.0(19.0) Ranged Weapons
 - Level 3.1(8.1) Armour
 - Level 4.8(9.8) Dodging
 - Level 1.1(6.1) Stealth
 + Level 6.6 Invocations


You had 10 spell levels left.
You didn't know any spells.
Your spell library was empty.

Inventory:

Hand Weapons
 Y - a +6 orcbow (weapon)
Armour
 a - a +0 cloak (worn)
 b - a +0 helmet
 i - a +0 hat of fire resistance (worn)
 k - a +1 leather armour of fire resistance
 l - a +2 pair of boots (worn)
 s - the +1 leather armour "Ilekux" (worn) {Drain rC++ SInv}
   (You found it on level 9 of the Dungeon)

   rC++:      It greatly protects you from cold.
   SInv:      It lets you see invisible.
   Drain:     It drains your maximum health when unequipped.
 u - a +2 hat
Jewellery
 c - a ring of resist corrosion
 e - an amulet of the acrobat
 h - a ring of protection from cold (right hand)
 o - a ring of ice
 t - a ring of willpower (left hand)
Scrolls
 n - a scroll of identify
Potions
 d - a potion of might {unknown}
 f - 5 potions of curing
 g - a potion of brilliance {unknown}
 j - a potion of resistance {unknown}
 m - a potion of ambrosia {unknown}
 p - a potion of attraction {unknown}
 q - a potion of enlightenment

Dungeon Overview and Level Annotations

Branches:
Dungeon (10/15)            Temple (1/1) D:4            Lair (2/5) D:10
 Spider (0/4) Lair:2          Orc (0/2) D:10
  Swamp: Lair:2-3    Shoals: Lair:2-3

Altars:
Ashenzari
Cheibriados
Dithmenos
Elyvilon
Fedhas
Gozag
Hepliaklqana
Kikubaaqudgha
Makhleb
Nemelex Xobeh
Okawaru
Qazlal
Ru
Sif Muna
Trog
Uskayaw
Vehumet
Wu Jian
Xom
Yredelemnul
Zin
The Shining One

Shops:
D:5 *   D:6 (

Annotations:
D:2 1 runed translucent door, Crazy Yiuf
D:7 2 transporters
D:9 3 runed translucent doors, qw's ghost, novice MiHs


Message History

9833 |||
Found retreat position at 1,-1 (death yak; floor) with 0 blocking monsters and 2 monsters attacking at destination at distance 1 You shoot an arrow.
The arrow barely misses the death yak.
The jumping spider misses you. The jumping spider barely misses you.
The death yak gores you.
The death yak struggles to get unstuck from the web.
The death yak gores you.
9834 |||
Found retreat position at 1,-1 (death yak; floor) with 0 blocking monsters and 2 monsters attacking at destination at distance 1 You shoot an arrow.
The arrow completely misses the death yak.
The jumping spider barely misses you.
The jumping spider bites you but does no damage.
The death yak barely misses you.
9835 |||
Found retreat position at 1,-1 (death yak; floor) with 0 blocking monsters and 2 monsters attacking at destination at distance 1 You shoot an arrow.
The arrow hits the death yak but does no damage.
The death yak is lightly wounded.
The death yak misses you.
The death yak struggles to get unstuck from the web.
9836 |||
Found retreat position at 1,-1 (death yak; floor) with 0 blocking monsters and 2 monsters attacking at destination at distance 1 You shoot an arrow.
The arrow hits the death yak but does no damage.
The death yak is lightly wounded.
The death yak gores you but does no damage.
The death yak pulls away from the web.
The death yak gores you!!
9837 |||
Found retreat position at 1,-1 (death yak; floor) with 0 blocking monsters and 2 monsters attacking at destination at distance 1
9837 ||| READING scroll of teleportation.
As you read the scroll of teleportation, it crumbles to dust.
You feel strangely unstable.
The jumping spider leaps!
The death yak barely misses you.
The death yak gores you but does no damage.
The death yak completely misses you.
9838 |||
Found retreat position at 1,-1 (death yak; floor) with 0 blocking monsters and 1 monsters attacking at destination at distance 1 You shoot an arrow.
The arrow hits the death yak!
The death yak is moderately wounded.
The death yak gores you. The death yak closely misses you.
9839 |||
Found retreat position at 1,-1 (death yak; floor) with 0 blocking monsters and 1 monsters attacking at destination at distance 1 You shoot an arrow.
The arrow hits the death yak.
The death yak is moderately wounded.
The death yak is caught in a web!
The death yak gores you!!
You die...

. ^.##^. .. ^^#.^.
#.. ###^...## .Y..
###^#.#...^#
.....###^.#.^>##^#
...<.PP..#..^#.^#
#.........^Y#...#
#........##Y..##.#
#.......0Y@#.^#
#..##P.....Y^## #.
###.....## .
......## .....(..s
....!.....
.........
..#..#.#..


You could see 4 death yaks and a jumping spider.

Vanquished Creatures
  A two-headed ogre (D:6)
  A sixfirhy (D:10)
  Pikel (D:5)
  A black mamba (Lair:1)
  A cane toad (Lair:1)
  A troll (D:10)
  A hellwing (D:10)
  A hornet (D:10)
  A ynoxinul (D:10)
  3 shadows
  2 wraiths
  3 wyverns (D:9)
  9 yaks
  A basilisk (Lair:1)
  3 vampire mosquitoes (D:9)
  A chaos spawn (D:10)
  A neqoxec (D:10)
  A water moccasin (D:5)
  Duvessa (D:5)
  2 orc warriors
  4 sky beasts
  2 black bears
  An ice beast (D:7)
  4 centaurs
  A phantom (D:4)
  5 bullfrogs
  A necrophage (D:7)
  Blork the orc (D:5)
  4 scorpions
  9 wights
  Dowan (D:5)
  5 killer bees (D:7)
  8 howler monkeys
  3 centaur zombies (D:7)
  A quasit (D:10)
  4 orc priests
  A human zombie (D:7)
  6 hounds
  3 jellies
  Terence (D:2)
  6 iguanas
  9 orc wizards
  3 killer bee zombies (D:7)
  3 mummies (D:7)
  Robin (D:2)
  8 gnolls
  6 adders
  4 worms
  3 dart slugs
  45 orcs
  7 bats
  5 endoplasms
  2 giant cockroaches
  14 goblins
  16 hobgoblins
  8 jackals
  3 kobolds
  6 quokkas
  4 ball pythons
  6 frilled lizards
  3 rats
263 creatures vanquished.

Notes
Turn   | Place    | Note
-------+----------+-------------------------------------------
     0 | D:1      | qw the Gargoyle Hunter began the quest for the Orb.
     0 | D:1      | Reached XP level 1. HP: 12/12 MP: 1/1
     0 | D:1      | 0 ||| qw: Version: 0.3-a-76-g4403597
     0 | D:1      | 0 ||| qw: Game counter: 2
     0 | D:1      | 0 ||| qw: Melee chars always use a shield: true
     0 | D:1      | 0 ||| qw: God list: Okawaru
     0 | D:1      | 0 ||| qw: Allow faded altars: false
     0 | D:1      | 0 ||| qw: Do Orc after clearing Dungeon:15 true
     0 | D:1      | 0 ||| qw: Do second Lair branch before Depths: true
     0 | D:1      | 0 ||| qw: Lair rune preference: random
     0 | D:1      | 0 ||| qw: Goals: Normal
     0 | D:1      | 0 ||| PLANNING D:1-11
   101 | D:1      | Reached XP level 2. HP: 17/17 MP: 2/2
   560 | D:1      | Reached XP level 3. HP: 21/21 MP: 3/3
   714 | D:1      | 714 ||| UPGRADING to +0 pair of boots.
   719 | D:1      | 719 ||| DROPPING ring of wizardry.
   720 | D:1      | 720 ||| READING scroll labelled AMONKYKHLET.
   720 | D:1      | Identified a scroll of acquirement
   720 | D:1      | 720 ||| ACQUIRING +1 shortbow of flaming
   720 | D:1      | Acquired a +1 shortbow of flaming
   722 | D:1      | 722 ||| SWAPPING to +1 shortbow of flaming.
   723 | D:1      | 723 ||| DROPPING +0 shortbow.
   724 | D:1      | 724 ||| READING scroll labelled JYGUHEITIL.
   725 | D:1      | 725 ||| DRINKING 3 fuming red potions.
   726 | D:1      | 726 ||| DROPPING scroll of butterflies.
   784 | D:2      | Reached skill level 5 in Ranged Weapons
   886 | D:2      | Noticed Terence
   897 | D:2      | Killed Terence
   898 | D:2      | Reached skill level 3 in Fighting
   898 | D:2      | Reached XP level 4. HP: 12/28 MP: 4/4
   904 | D:2      | 904 ||| FLEEEEING.
   910 | D:2      | 910 ||| FLEEEEING.
   911 | D:2      | 911 ||| FLEEEEING.
   918 | D:2      | 918 ||| STAIRDANCE
   963 | D:1      | 963 ||| READING scroll labelled TAIT SICLUO.
  1077 | D:2      | Noticed Robin
  1096 | D:2      | HP: 6/28 [Robin/goblin (3)]
  1101 | D:2      | Killed Robin
  1161 | D:2      | 1161 ||| FLEEEEING.
  1259 | D:2      | 1259 ||| UPGRADING to +0 helmet.
  1287 | D:2      | Reached XP level 5. HP: 32/32 MP: 5/5
  1485 | D:2      | Found a runed translucent door.
  1486 | D:2      | Noticed Crazy Yiuf
  1546 | D:2      | 1546 ||| READING scroll labelled OCESSA GISO.
  1632 | D:3      | Reached skill level 1 in Armour
  1898 | D:3      | 1898 ||| FLEEEEING.
  1899 | D:3      | 1899 ||| FLEEEEING.
  1900 | D:3      | 1900 ||| FLEEEEING.
  1901 | D:3      | 1901 ||| FLEEEEING.
  1902 | D:3      | 1902 ||| FLEEEEING.
  1903 | D:3      | 1903 ||| FLEEEEING.
  1904 | D:3      | 1904 ||| FLEEEEING.
  1905 | D:3      | 1905 ||| FLEEEEING.
  1906 | D:3      | 1906 ||| FLEEEEING.
  1907 | D:3      | 1907 ||| FLEEEEING.
  1908 | D:3      | 1908 ||| FLEEEEING.
  1909 | D:3      | 1909 ||| FLEEEEING.
  1910 | D:3      | 1910 ||| FLEEEEING.
  1911 | D:3      | 1911 ||| FLEEEEING.
  1912 | D:3      | 1912 ||| FLEEEEING.
  1913 | D:3      | 1913 ||| FLEEEEING.
  1914 | D:3      | 1914 ||| FLEEEEING.
  1915 | D:3      | 1915 ||| FLEEEEING.
  1916 | D:3      | 1916 ||| FLEEEEING.
  1917 | D:3      | 1917 ||| FLEEEEING.
  1918 | D:3      | 1918 ||| FLEEEEING.
  1919 | D:3      | 1919 ||| FLEEEEING.
  1921 | D:3      | 1921 ||| FLEEEEING.
  1922 | D:3      | 1922 ||| FLEEEEING.
  1923 | D:3      | 1923 ||| FLEEEEING.
  1924 | D:3      | 1924 ||| FLEEEEING.
  1925 | D:3      | 1925 ||| FLEEEEING.
  1928 | D:3      | 1928 ||| FLEEEEING.
  1929 | D:3      | 1929 ||| FLEEEEING.
  1930 | D:3      | 1930 ||| FLEEEEING.
  1933 | D:3      | 1933 ||| FLEEEEING.
  1934 | D:3      | 1934 ||| FLEEEEING.
  1935 | D:3      | 1935 ||| FLEEEEING.
  1936 | D:3      | 1936 ||| FLEEEEING.
  1937 | D:3      | 1937 ||| FLEEEEING.
  1938 | D:3      | 1938 ||| FLEEEEING.
  1939 | D:3      | 1939 ||| FLEEEEING.
  1940 | D:3      | 1940 ||| FLEEEEING.
  1986 | D:3      | Reached skill level 6 in Ranged Weapons
  2284 | D:3      | Found a radiant altar of Vehumet.
  2433 | D:3      | 2433 ||| UPGRADING to +0 cloak.
  2438 | D:3      | 2438 ||| READING scroll labelled KEUTUAPTUM.
  2475 | D:4      | Reached XP level 6. HP: 39/39 MP: 6/6
  2837 | D:4      | Found a staircase to the Ecumenical Temple.
  2838 | D:4      | 2838 ||| PLANNING TEMPLE
  2838 | D:4      | 2838 ||| UPGRADING to +1 leather armour of fire resistance.
  2848 | D:4      | 2848 ||| DROPPING +0 leather armour.
  2849 | D:4      | 2849 ||| UPGRADING to +2 pair of boots.
  2859 | D:4      | 2859 ||| DROPPING +0 pair of boots.
  2860 | D:4      | 2860 ||| READING scroll labelled ROPHUJU ISKO.
  2861 | D:4      | 2861 ||| READING scroll labelled QEYFIQ MESUVU.
  2862 | D:4      | 2862 ||| DRINKING 2 dark potions.
  2871 | Temple   | Entered the Ecumenical Temple
  2872 | Temple   | 2872 ||| PLANNING OKAWARU WORSHIP
  2876 | Temple   | Became a worshipper of Warmaster Okawaru
  2877 | Temple   | 2877 ||| PLANNING D:1-11
  3165 | D:4      | Reached skill level 7 in Ranged Weapons
  3165 | D:4      | Reached XP level 7. HP: 40/44 MP: 7/7
  3196 | D:4      | 3196 ||| READING scroll labelled YMALAELASA.
  3205 | D:5      | Entered Level 5 of the Dungeon
  3206 | D:5      | 3206 ||| PLANNING SEWER
  3238 | D:5      | Noticed a shadow
  3241 | D:5      | 3241 ||| FLEEEEING.
  3242 | D:5      | 3242 ||| FLEEEEING.
  3243 | D:5      | 3243 ||| FLEEEEING.
  3244 | D:5      | 3244 ||| FLEEEEING.
  3245 | D:5      | 3245 ||| FLEEEEING.
  3249 | D:5      | 3249 ||| FLEEEEING.
  3250 | D:5      | 3250 ||| FLEEEEING.
  3252 | D:5      | 3252 ||| STAIRDANCE
  3344 | D:5      | 3344 ||| STAIRDANCE
  3354 | D:4      | HP: 6/44 [shadow (7)]
  3355 | D:4      | 3355 ||| READING 2 scrolls of teleportation.
  3357 | D:4      | 3357 ||| DRINKING potion of heal wounds.
  3419 | D:4      | Killed a shadow
  3419 | D:4      | Reached * piety under Okawaru
  3459 | D:5      | 3459 ||| INVOKING Heroism.
  3464 | D:5      | Reached skill level 1 in Invocations
  3557 | D:5      | 3557 ||| SWAPPING to +0 orcbow.
  3558 | D:5      | 3558 ||| DROPPING +1 shortbow of flaming.
  3574 | D:5      | Noticed Duvessa
  3575 | D:5      | 3575 ||| INVOKING Heroism.
  3575 | D:5      | Noticed Dowan
  3576 | D:5      | 3576 ||| INVOKING Heroism.
  3592 | D:5      | Killed Duvessa
  3593 | D:5      | Reached skill level 8 in Ranged Weapons
  3593 | D:5      | Reached XP level 8. HP: 18/48 MP: 6/8
  3598 | D:5      | Killed Dowan
  3712 | D:5      | 3712 ||| RETREATING.
  3715 | D:5      | 3715 ||| RETREATING.
  3729 | D:5      | 3729 ||| INVOKING Heroism.
  3826 | D:5      | 3826 ||| RIP SEWER
  3840 | D:5      | 3840 ||| PLANNING D:1-11
  3873 | D:5      | 3873 ||| RETREATING.
  3904 | D:5      | HP: 11/49 [scorpion (4)]
  3905 | D:5      | 3905 ||| READING scroll of teleportation.
  3906 | D:5      | 3906 ||| DRINKING 2 potions of heal wounds.
  3909 | D:5      | Reached skill level 9 in Ranged Weapons
  3946 | D:5      | Noticed a wraith
  3947 | D:5      | 3947 ||| Stepping ~*~*~tactically~*~*~ (outnumbered).
  3956 | D:5      | 3956 ||| INVOKING Heroism.
  3968 | D:5      | Killed a wraith
  3969 | D:5      | Reached skill level 3 in Armour
  3971 | D:5      | HP: 12/49 [water moccasin (1)]
  3972 | D:5      | 3972 ||| DRINKING potion of heal wounds.
  3996 | D:5      | Reached skill level 6 in Fighting
  4051 | D:5      | 4051 ||| INVOKING Heroism.
  4074 | D:5      | Reached skill level 3 in Invocations
  4141 | D:5      | Reached XP level 9. HP: 55/55 MP: 11/11
  4238 | D:5      | Noticed Blork the orc
  4239 | D:5      | 4239 ||| INVOKING Heroism.
  4253 | D:5      | Killed Blork the orc
  4525 | D:5      | Noticed Pikel
  4526 | D:5      | 4526 ||| RETREATING.
  4528 | D:5      | 4528 ||| RETREATING.
  4533 | D:5      | 4533 ||| INVOKING Heroism.
  4544 | D:5      | Killed Pikel
  4544 | D:5      | Reached ** piety under Okawaru
  4579 | D:5      | Found Waor's Fire Supplies.
  4593 | D:5      | 4593 ||| BUYING +0 hat of fire resistance (154 gold).
  4593 | D:5      | Bought a +0 hat of fire resistance for 154 gold pieces
  4593 | D:5      | 4593 ||| SHOPLISTING ring "Hasolah" {Fire MP+9 Int+8 Dex-5
                  | Stlth-} (781 gold, have 140).
  4593 | D:5      | 4593 ||| SHOPLISTING ring of fire (350 gold, have 140).
  4593 | D:5      | 4593 ||| SHOPLISTING ring of protection from fire (350
                  | gold, have 140).
  4674 | D:5      | 4674 ||| UPGRADING to +0 hat of fire resistance.
  4684 | D:5      | 4684 ||| UPGRADING to ring of resist corrosion.
  4685 | D:5      | 4685 ||| UPGRADING to ring of protection from cold.
  4771 | D:6      | Found a stormy altar of Qazlal.
  4773 | D:6      | Found Koddouxko's Weapon Boutique.
  4778 | D:6      | 4778 ||| SHOPLISTING +3 orcbow of draining (256 gold, have
                  | 150).
  4778 | D:6      | 4778 ||| SHOPLISTING +5 orcbow of Infection {heavy, rC-
                  | Str+5 SInv} (506 gold, have 150).
  4781 | D:6      | 4781 ||| INVOKING Heroism.
  4786 | D:6      | Reached skill level 10 in Ranged Weapons
  4889 | D:6      | Noticed a two-headed ogre
  4890 | D:6      | 4890 ||| INVOKING Heroism.
  4906 | D:6      | Killed a two-headed ogre
  5092 | D:6      | 5092 ||| INVOKING Heroism.
  5340 | D:6      | 5340 ||| READING scroll labelled EXISOO GOTENG.
  5411 | D:7      | Found an opulent altar of Gozag.
  5459 | D:7      | Reached XP level 10. HP: 63/63 MP: 13/13
  5722 | D:7      | Reached skill level 11 in Ranged Weapons
  5760 | D:7      | Found a transporter.
  5823 | D:7      | Found a transporter.
  6254 | D:7      | Reached *** piety under Okawaru
  6267 | D:7      | Found an ancient bone altar of Kikubaaqudgha.
  6309 | D:7      | 6309 ||| INVOKING Heroism.
  6399 | D:7      | 6399 ||| READING 2 scrolls labelled VUTZUTSYKEU.
  6400 | D:7      | 6400 ||| READING scroll of enchant weapon.
  6400 | D:7      | 6400 ||| ENCHANTING +1 orcbow.
  6401 | D:7      | 6401 ||| READING scroll labelled ASEYROWEIV.
  6442 | D:7      | 6442 ||| READING scroll labelled XEIKUHU MEME.
  6585 | D:8      | Received a gift from Okawaru
  7065 | D:8      | 7065 ||| INVOKING Heroism.
  7136 | D:8      | 7136 ||| DRINKING 2 viscous yellow potions.
  7137 | D:8      | 7137 ||| READING 2 scrolls of identify.
  7137 | D:8      | 7137 ||| IDENTIFYING ruby potion
  7138 | D:8      | 7138 ||| DROPPING potion of berserk rage.
  7236 | D:9      | Found a runed translucent gate.
  7236 | D:9      | Found a runed translucent gate.
  7236 | D:9      | Found a runed translucent gate.
  7330 | D:9      | Reached skill level 12 in Ranged Weapons
  7392 | D:9      | Identified the +1 leather armour "Ilekux" {Drain rC++ SInv}
  7818 | D:9      | Noticed qw's ghost (novice MiHs)
  7819 | D:9      | Noticed qw's ghost (novice MiHs)
  7924 | D:9      | 7924 ||| UPGRADING to +1 leather armour "Ilekux" {Drain
                  | rC++ SInv}.
  7934 | D:9      | 7934 ||| READING scroll labelled OTAEPHIZONNUAV.
  7946 | D:10     | Entered Level 10 of the Dungeon
  7964 | D:10     | 7964 ||| READING scroll of enchant weapon.
  7964 | D:10     | 7964 ||| ENCHANTING +2 orcbow.
  7981 | D:10     | 7981 ||| RETREATING.
  7985 | D:10     | 7985 ||| Stepping ~*~*~tactically~*~*~ (retreating).
  7986 | D:10     | 7986 ||| Stepping ~*~*~tactically~*~*~ (retreating).
  7993 | D:10     | Gained mutation: Armour fits poorly on your strangely
                  | shaped body. [a neqoxec]
  8009 | D:10     | 8009 ||| INVOKING Heroism.
  8011 | D:10     | Reached XP level 11. HP: 39/68 MP: 11/14
  8014 | D:10     | Reached skill level 13 in Ranged Weapons
  8152 | D:10     | Found a staircase to the Lair.
  8217 | D:10     | Reached **** piety under Okawaru
  8221 | D:10     | 8221 ||| INVOKING Heroism.
  8336 | D:10     | Found a sacrificial altar of Ru.
  8358 | D:10     | Reached skill level 9 in Fighting
  8410 | D:10     | Noticed a sixfirhy
  8411 | D:10     | 8411 ||| RETREATING.
  8416 | D:10     | 8416 ||| Stepping ~*~*~tactically~*~*~ (retreating).
  8417 | D:10     | 8417 ||| Stepping ~*~*~tactically~*~*~ (retreating).
  8419 | D:10     | 8419 ||| Stepping ~*~*~tactically~*~*~ (retreating).
  8420 | D:10     | 8420 ||| INVOKING Heroism.
  8423 | D:10     | 8423 ||| Stepping ~*~*~tactically~*~*~ (retreating).
  8423 | D:10     | HP: 15/71 [sixfirhy (4)]
  8424 | D:10     | 8424 ||| READING 3 scrolls of teleportation.
  8424 | D:10     | HP: 4/71 [sixfirhy (8)]
  8424 | D:10     | HP: 1/71 [sixfirhy (3)]
  8425 | D:10     | 8425 ||| DRINKING potion of heal wounds.
  8427 | D:10     | 8427 ||| Stepping ~*~*~tactically~*~*~ (retreating).
  8428 | D:10     | 8428 ||| Stepping ~*~*~tactically~*~*~ (retreating).
  8537 | D:10     | 8537 ||| INVOKING Heroism.
  8551 | D:10     | Killed a sixfirhy
  8896 | D:10     | 8896 ||| Stepping ~*~*~tactically~*~*~ (outnumbered).
  9018 | D:10     | 9018 ||| INVOKING Heroism.
  9084 | D:10     | 9084 ||| FLEEEEING.
  9116 | D:10     | Found a staircase to the Orcish Mines.
  9187 | D:10     | 9187 ||| INVOKING Heroism.
  9238 | D:10     | Found a glowing golden altar of the Shining One.
  9241 | D:10     | Found a basalt altar of Yredelemnul.
  9244 | D:10     | 9244 ||| READING 3 scrolls of enchant weapon.
  9244 | D:10     | 9244 ||| ENCHANTING +3 orcbow.
  9245 | D:10     | 9245 ||| READING 2 scrolls of enchant weapon.
  9245 | D:10     | 9245 ||| ENCHANTING +4 orcbow.
  9246 | D:10     | 9246 ||| READING scroll of enchant weapon.
  9246 | D:10     | 9246 ||| ENCHANTING +5 orcbow.
  9305 | D:10     | 9305 ||| PLANNING LAIR
  9305 | D:10     | 9305 ||| UPGRADING to ring of willpower.
  9307 | D:10     | 9307 ||| READING scroll labelled REYWOY BUSYCS.
  9360 | Lair:1   | Entered Level 1 of the Lair of Beasts
  9387 | Lair:1   | 9387 ||| INVOKING Heroism.
  9444 | Lair:1   | 9444 ||| INVOKING Heroism.
  9453 | Lair:1   | Reached skill level 6 in Invocations
  9522 | Lair:1   | 9522 ||| RETREATING.
  9533 | Lair:1   | 9533 ||| Stepping ~*~*~tactically~*~*~ (retreating).
  9534 | Lair:1   | 9534 ||| Stepping ~*~*~tactically~*~*~ (retreating).
  9535 | Lair:1   | 9535 ||| Stepping ~*~*~tactically~*~*~ (retreating).
  9536 | Lair:1   | 9536 ||| Stepping ~*~*~tactically~*~*~ (retreating).
  9541 | Lair:1   | Reached skill level 14 in Ranged Weapons
  9543 | Lair:1   | 9543 ||| INVOKING Heroism.
  9557 | Lair:1   | HP: 12/71 [yak (9)]
  9558 | Lair:1   | 9558 ||| READING 2 scrolls of teleportation.
  9559 | Lair:1   | HP: 2/71 [yak (11)]
  9815 | Lair:1   | You fall into a shaft and drop 1 floor!
  9815 | Lair:2   | Found a hole to the Spider Nest.
  9815 | Lair:2   | Noticed a death yak
  9815 | Lair:2   | Noticed a death yak
  9815 | Lair:2   | Noticed a death yak
  9816 | Lair:2   | 9816 ||| RETREATING.
  9818 | Lair:2   | 9818 ||| INVOKING Heroism.
  9821 | Lair:2   | 9821 ||| RETREATING.
  9825 | Lair:2   | 9825 ||| Stepping ~*~*~tactically~*~*~ (retreating).
  9826 | Lair:2   | Noticed a death yak
  9827 | Lair:2   | 9827 ||| Stepping ~*~*~tactically~*~*~ (retreating).
  9831 | Lair:2   | 9831 ||| Stepping ~*~*~tactically~*~*~ (retreating).
  9836 | Lair:2   | HP: 15/71 [death yak (21)]
  9837 | Lair:2   | 9837 ||| READING scroll of teleportation.
  9839 | Lair:2   | Mangled by a death yak

Levels and vault maps discovered:
D:1:      heliophobic_arrival_enchanted_forest, layout_basic,
          chequers_serial_rivers_marsh
D:2:      layout_basic, serial_glass, glass_columns_c, glass_columns_a,
          uniq_robin, uniq_crazy_yiuf_cottage, uniq_terence
D:3:      layout_basic, vehumet_altar_wand_db, minmay_misc_feat_iff
D:4:      layout_basic, temple_hall
D:5:      kennysheep_big_flooded_room, layout_rooms, gup_sewer_entry_bowl,
          eino_tiny_chamber, nicolae_shop_fire_sale [nicolae_sub_dead_trees],
          minmay_pentangle, uniq_duvessa, uniq_pikel, uniq_blork_the_orc
D:6:      layout_gridville, mainiacjoe_overflow_concentric_impassable,
          serial_shops, shop
D:7:      gammafunk_steamed_eel, layout_basic, amcnicky_altar_gilded,
          lemuel_mausoleum_altar_kikubaaqudgha
D:8:      layout_basic, serial_corexii_hall, chequers_hall_statues_wall_a,
          corexii_hall_statues_l, chequers_hall_statues_wall_a
D:9:      layout_stronghold, gammafunk_ghost_cemetery,
          chequers_serial_rivers_small_b
D:10:     layout_roguey, minitemple, dpeg_oklobed_lair, hiddenorc2_lemuel,
          serial_demonic, serial_demonic_e, serial_demonic_d, serial_demonic_e,
          serial_demonic_a, hangedman_abyss_or_decor_clamps, corner_web_ring,
          lemuel_flamethrower_2
Temple:   minmay_freezing_vapour_temple
Lair:1:   layout_small_grid, grunt_megastairs_2
Lair:2:   layout_small_grid, nicolae_swamp_entry_splash_gauntlet,
          spider_nest_entry_rubble, gammafunk_ghost_abyssal_escape

Skill      XL: |  1  2  3  4  5  6  7  8  9 10 11 |
---------------+----------------------------------+-----
Ranged Weapons | 5 6 7 8 9 10 12 14 | 14.0
Fighting       | 3 4 6 7 8 9 |  9.3
Armour         | 1 3 |  3.1
Dodging        | 2 4 |  4.8
Invocations    | 1 3 5 6 |  6.6
Stealth        | |  1.1

Action                     |  1- 3 |  4- 6 |  7- 9 | 10-12 || total
---------------------------+-------+-------+-------+-------++-------
   Fire: Shortbow          |    77 |   188 |    46 |       ||   311
         Orcbow            |       |       |   282 |   618 ||   900
 Invoke: Heroism           |       |       |    10 |    12 ||    22
    Use: Scroll            |     2 |     5 |     4 |    14 ||    25
         Potion            |     1 |     1 |     3 |     2 ||     7
 Armour: Leather armour    |    28 |    51 |   154 |   241 ||   474
  Dodge: Dodged            |    35 |    52 |   118 |   332 ||   537

Table legend:
 A = Non-vault XP
 B = Vault XP
 C = Vault XP percentage of total XP
 D = Non-vault monster count
 E = Vault monster count
 F = Vault count percentage of total count
                 A         B        C        D         E       F
            +---------+---------+-------+---------+---------+-------
      Total |   10067 |    5163 |  33.9 |     171 |      92 |  35.0
            +---------+---------+-------+---------+---------+-------
        D:1 |      34 |       0 |   0.0 |      20 |       0 |   0.0
        D:2 |      64 |      74 |  53.6 |      20 |      14 |  41.2
        D:3 |      95 |       2 |   2.1 |      20 |       1 |   4.8
        D:4 |     368 |     219 |  37.3 |      18 |       1 |   5.3
        D:5 |     412 |    1930 |  82.4 |      13 |      25 |  65.8
        D:6 |    1212 |       0 |   0.0 |      11 |       0 |   0.0
        D:7 |    1592 |     484 |  23.3 |      23 |      12 |  34.3
        D:8 |     907 |       0 |   0.0 |      13 |       0 |   0.0
        D:9 |    1262 |       0 |   0.0 |       8 |       0 |   0.0
       D:10 |    2177 |    1978 |  47.6 |      16 |      38 |  70.4
     Lair:1 |    1944 |     476 |  19.7 |       9 |       1 |  10.0
            +---------+---------+-------+---------+---------+-------
